 Dungeon Crawl Stone Soup version 0.22-a0-612-gd2f0174 (webtiles) character file.

53 iamserjio the Chopper (level 3, -2/34 HPs)
             Began as a Naga Berserker on July 11, 2018.
             Was a Believer of Trog.
             Slain by a worm (10 damage)
             ... on level 3 of the Dungeon.
             The game lasted 00:03:09 (346 turns).

iamserjio the Chopper (Naga Berserker)               Turns: 346, Time: 00:03:10

Health: -2/34      AC:  5    Str: 19    XL:     3   Next: 89%
Magic:  3/3        EV:  5    Int:  8    God:    Trog [**....]
Gold:   32         SH:  0    Dex: 10    Spells: 2/2 levels left

rFire    . . .     SeeInvis +   a - +0 hand axe
rCold    . . .     Gourm    .   (no shield)
rNeg     + . .     Faith    .   j - +0 chain mail
rPois    +         Spirit   .   (no helmet)
rElec    .         Reflect  .   (no cloak)
rCorr    .         Harm     .   (no gloves)
MR       .....                  (no barding)
Stlth    ..........             (no amulet)
HPRegen  0.11/turn              i - ring of positive energy
MPRegen  0.08/turn              (no ring)

@: berserk cooldown, slowed, very slow
A: large, see invisible, deformed body, poison resistance, slowness 2, slow
metabolism 1, spit poison 1, AC +1
a: Spit Poison, Berserk, Trog's Hand, Renounce Religion


You were on level 3 of the Dungeon.
You worshipped Trog.
Trog was pleased with you.
You were hungry.

You visited 1 branch of the dungeon, and saw 3 of its levels.

You collected 32 gold pieces.

Inventory:

Hand Weapons
 a - a +0 hand axe (weapon)
Armour
 b - a +0 animal skin
 j - a +0 chain mail (worn)
Jewellery
 i - a ring of positive energy (left hand)
Scrolls
 d - a scroll of remove curse {unknown}
 g - 3 scrolls of identify {unknown}
 h - 2 scrolls of teleportation {unknown}
 m - a scroll of magic mapping {unknown}
Potions
 e - a potion of agility {unknown}
 f - a potion of curing {unknown}
 k - a potion of magic {unknown}
 l - a potion of haste {unknown}
 o - a potion of lignification {unknown}
Comestibles
 c - a ration


   Skills:
 + Level 3.4 Fighting
 * Level 3.6 Axes
 + Level 2.0 Armour
 - Level 1.8 Dodging
 + Level 1.3 Stealth


You had 2 spell levels left.
You didn't know any spells.
Your spell library was empty.

Dungeon Overview and Level Annotations

Branches:
Dungeon (3/15)

Altars:


Innate Abilities, Weirdness & Mutations

You cannot wear boots.
Your serpentine skin is tough. (AC +1)
You have supernaturally acute eyesight. (SInv)
Armour fits poorly on your strangely shaped body.
Your system is resistant to poisons. (rPois)
You cover ground very slowly.
You have a slow metabolism.
You can spit poison.


Message History

Your chain mail prevents you from hitting the worm.
The worm is lightly wounded.
The worm bites you but does no damage.
You hit the worm.
The worm is moderately wounded.
You feel the effects of Trog's Hand fading.
The worm bites you.
You hit the worm.
The worm is heavily wounded.
The worm bites you but does no damage.
You hit the worm but do no damage.
The worm is heavily wounded.
The worm bites you!
* * * LOW HITPOINT WARNING * * *
You completely miss the worm.
The worm is heavily wounded.
Your skin stops crawling.
You feel less resistant to hostile enchantments.
The worm bites you!
You die...

#.#...# #.##.......
#.#...####..........
#.#.........#.).....
#>#.........#.......
.#.####.#.........#.......
........#.........#.......
#).##########....<..
.####.w###### ########
#.......@....#
#.............#
..........$.....#
..............).#
!............(..#
................#
....#.........(.#
.#_#.../......#


You could see a worm.

Vanquished Creatures
  An adder (D:2)
  An ooze (D:2)
  A dart slug (D:1)
  An orc (D:3)
  6 bats
  3 goblins
  4 hobgoblins
  10 jackals
  4 frilled lizards
  A kobold (D:1)
32 creatures vanquished.

Notes
Turn   | Place    | Note
-------+----------+-------------------------------------------
     0 | D:1      | iamserjio the Naga Berserker began the quest for the Orb.
     0 | D:1      | Reached XP level 1. HP: 21/21 MP: 1/1
    70 | D:2      | Reached XP level 2. HP: 20/28 MP: 2/2
   181 | D:1      | Reached XP level 3. HP: 22/34 MP: 3/3
   239 | D:1      | Reached ** piety under Trog
   265 | D:2      | Reached skill level 1 in Stealth
   330 | D:3      | HP: 2/51 [goblin (1)]
   341 | D:3      | Found a faded altar of an unknown god.
   346 | D:3      | Slain by a worm

Vault maps used:
D:1:      dpeg_arrival_refuge, minmay_crystal_water
D:3:      old_standard_altar, chequers_ecumenical_altar_simple, uniq_ijyb

Skill      XL: |  1  2  3 |
---------------+----------+-----
Armour         | 2 |  2.0
Stealth        | 1 |  1.3
Fighting       | |  3.4
Axes           | |  3.6
Dodging        | |  1.8

Action                   || total
-------------------------++-------
Melee: Hand axe          ||    79
Invok: Berserk           ||     4
       Trog's Hand       ||     1
 Abil: Spit Poison       ||     3
  Eat: Chunk             ||     2
Armor: Animal skin       ||    17
       Chain mail        ||    18
Dodge: Dodged            ||    35

Table legend:
 A = Spawn XP
 B = Non-spawn XP
 C = Spawn XP percentage of total XP
 D = Spawn monster count
 E = Non-spawn monster count
 F = Spawn count percentage of total count
 G = Total turns spent on level
                    A         B        C        D         E        F      G
               +---------+---------+-------+---------+---------+-------+---------
         Total |       0 |      77 |   0.0 |       0 |      32 |   0.0 |   346
               +---------+---------+-------+---------+---------+-------+---------
           D:1 |       0 |      34 |   0.0 |       0 |      18 |   0.0 |   201
           D:2 |       0 |      32 |   0.0 |       0 |       9 |   0.0 |    87
           D:3 |       0 |      11 |   0.0 |       0 |       5 |   0.0 |    58
               +---------+---------+-------+---------+---------+-------+---------
